 Dungeon Crawl Stone Soup version 0.15-a0-1253-g15b4f57 (webtiles) character file.

327 Psiweapon the Skirmisher (level 6, -2/68 HPs)
             Began as an Ogre Hunter on June 4, 2014.
             Slain by an orc warrior
             ... wielding a +0,+0 halberd
              (6 damage)
             ... on Level 6 of the Dungeon.
             The game lasted 00:08:41 (3075 turns).

Psiweapon the Skirmisher (Ogre Hunter)              Turns: 3075, Time: 00:08:41

HP  -2/68        AC  5     Str 20      XL: 6   Next: 50%
MP   6/6         EV 10     Int 10      God:
Gold 182         SH  0     Dex 10      Spells:  0 memorised,  5 levels left

rFire  . . .     SeeInvis .     l - +5,+0 morningstar of Painful Death {crush, rC++}
rCold  + + .     Clarity  .     d - +0 animal skin
rNeg   . . .     rCorr    .     (shield restricted)
rPois  .         rRot     .     (helmet restricted)
rElec  .         Spirit   .     n - +1 cloak
SustAb .         Warding  .     (gloves unavailable)
rMut   .         Stasis   .     (boots unavailable)
Gourm  .                        w - amulet of rage
MR     .....                    (no ring)
                                (no ring)

@: not resistant to hostile enchantments, very unstealthy
A: unfitting armour, tough skin 1
a: Evoke Berserk Rage


You were on level 6 of the Dungeon.
You were not hungry.

You visited 1 branch of the dungeon, and saw 6 of its levels.

You collected 182 gold pieces.

Inventory:

Hand weapons
 a - a +1,+1 club
 e - a +0,+0 flail
 h - a +0,+2 short sword of draining
 i - a +2,+2 quarterstaff of chaos
 k - a +1,+1 dagger of venom
 l - the +5,+0 morningstar of Painful Death (weapon) {crush, rC++}
   (You found it on level 6 of the Dungeon)

   It inflicts extra damage upon your enemies.
   It greatly protects you from cold.
Missiles
 b - 5 large rocks (quivered)
 c - 2 throwing nets
 u - 5 curare-tipped needles
Armour
 d - a +0 animal skin (worn)
 n - a +1 cloak (worn)
Comestibles
 f - 5 meat rations
 q - 2 bread rations
 s - 2 fruits
 v - a chunk of ball python flesh
Scrolls
 o - 4 scrolls of remove curse
 p - a scroll of teleportation
 z - a scroll of blinking
Jewellery
 g - an uncursed amulet of resist mutation
 w - an amulet of rage (around neck)
Potions
 m - 3 potions of haste
 r - a potion of beneficial mutation {unknown}


   Skills:
 + Level 6.5 Fighting
 + Level 3.2 Maces & Flails
 - Level 4.0 Staves
 - Level 4.3 Throwing
 - Level 1.7 Dodging
 - Level 0.7 Stealth


You had 5 spell levels left.
You didn't know any spells.

Dungeon Overview and Level Annotations

Branches:
Dungeon (6/15)
 Temple: D:4-7

Altars:

Annotations:
D:4 ghwc's ghost, average DsAK


Innate Abilities, Weirdness & Mutations

You are too large for most types of armour.
You have tough skin (AC +1).


Message History

The giant frog hits you but does no damage.
Found a scroll labeled PNEFA SAUG.
The orc hits you but does no damage.
The orc wizard hits you but does no damage.
The orc closely misses you.
You completely miss the orc wizard. The giant frog closely misses you.
The orc warrior hits you from afar with a halberd!
* * * LOW HITPOINT WARNING * * *
The orc closely misses you. The orc wizard hits you with a dagger.
* * * LOW HITPOINT WARNING * * *
The orc hits you with a club.
* * * LOW HITPOINT WARNING * * *
The giant frog hits you!
* * * LOW HITPOINT WARNING * * *
The orc wizard hits you with a dagger.
* * * LOW HITPOINT WARNING * * *
The giant frog hits you.
* * * LOW HITPOINT WARNING * * *
The orc warrior hits you from afar with a halberd.
You die...

......... ....
#......... ...≈≈
#........ .?.≈≈≈
#.......# ...≈≈≈≈
#.......# ...≈≈≈≈
#.......###...≈≈≈≈
#.......o..........
#.......ooF........
##......o.@........
##................
##................ ....
##....................≈≈
##...%...............≈≈
##..................≈≈
##.................≈≈
##..........###...≈≈
##.........# #.....


You could see an orc warrior, a giant frog, an orc wizard and 2 orcs.

Vanquished Creatures
  An ice beast (D:5)
  An orc priest (D:5)
  Crazy Yiuf (D:2)
  5 gnolls
  5 adders
  A worm (D:4)
  3 giant geckos
  6 orcs
  A ball python (D:5)
  3 giant cockroaches
  9 goblins
  9 hobgoblins
  4 jackals (D:2)
  5 kobolds
  A quokka (D:3)
  5 bats
  A giant gecko skeleton (D:5)
  5 giant newts
  11 rats
77 creatures vanquished.

Notes
Turn   | Place    | Note
--------------------------------------------------------------
     0 | D:1      | Psiweapon, the Ogre Hunter, began the quest for the Orb.
     0 | D:1      | Reached XP level 1. HP: 22/22 MP: 1/1
    43 | D:1      | Reached XP level 2. HP: 21/31 MP: 2/2
   434 | D:2      | Reached XP level 3. HP: 24/39 MP: 3/3
   601 | D:2      | Noticed Crazy Yiuf
   607 | D:2      | Killed Crazy Yiuf
   607 | D:2      | Reached XP level 4. HP: 47/49 MP: 4/4
   896 | D:2      | Reached skill level 1 in Staves
  1359 | D:4      | Reached skill level 5 in Fighting
  1368 | D:5      | Entered Level 5 of the Dungeon
  1532 | D:3      | Reached XP level 5. HP: 57/57 MP: 5/5
  1846 | D:4      | Noticed ghwc's ghost (average DsAK)
  2684 | D:4      | Noticed a phantom
  2700 | D:5      | Reached skill level 6 in Fighting
  2700 | D:5      | Reached XP level 6. HP: 42/67 MP: 6/6
  2847 | D:5      | Noticed an ice beast
  2860 | D:5      | Killed an ice beast
  3035 | D:6      | Got a slimy morningstar
  3036 | D:6      | Identified the +5,+0 morningstar of Painful Death {crush, rC++} (You found it on level 6 of the Dungeon)
  3075 | D:6      | Slain by an orc warrior

Action                   |  1- 3 |  4- 6 || total
-------------------------+-------+-------++-------
Melee: Club              |     9 |       ||     9
       Flail             |    38 |       ||    38
       Quarterstaff      |       |   141 ||   141
       Morningstar       |       |     7 ||     7
Throw: Large rock        |     5 |     8 ||    13
  Use: Scroll            |       |     8 ||     8
 Stab: Sleeping          |       |     1 ||     1
       Distracted        |       |     1 ||     1
